AoeStats
← WOODS3851

Arena

509670941Analyzed
4v4 RM · 3d ago on Sep 27, 2026· 34m 3s· 8 players
Game mode
Random Map
Map size
Large (8 player)
Population
200
Speed
Normal
Resources
Standard
Victory
Conquest
Starting age
Dark Age
Ending age
Imperial Age
RankedLock teamsTeams togetherTeam positionsShared explorationLock speedFull tech treeHidden civsTurbo modeCheats
Victory
Defeat
🇵🇱 Saxons · Poland
1055
+11
🇺🇸 Celts · United States
912
+17
🇦🇷 Poles · Argentina
908
+17
🇵🇱 Dravidians · Poland
901
+17
🇬🇧 Spanish · United Kingdom
944
-16
🇭🇰 Koreans · Hong Kong SAR China
940
-16
🇺🇸 Saracens · United States
932
-15
🇩🇪 Vietnamese · Germany
912
-15
WOODS3851
8:24 Loom
10:28 Feudal Age
12:26 Double-Bit Axe
15:29 Horse Collar
19:29 Castle Age
17:53 Gold Mining
18:13 Scale Barding Armor
18:19 Forging
21:41 Fletching
weaseltemplar
4:04 Loom
10:48 Feudal Age
11:47 Horse Collar
12:02 Double-Bit Axe
16:53 Castle Age
18:05 Heavy Plow
18:30 Bow Saw
22:07 Town Watch
25:03 Wheelbarrow
25:14 Forging
25:38 Bloodlines
26:26 Husbandry
27:51 Scale Barding Armor
28:25 Iron Casting
35:42 Imperial Age
Ajadan43
9:09 Loom
11:03 Feudal Age
13:06 Double-Bit Axe
16:55 Castle Age
15:51 Horse Collar
16:05 Gold Mining
16:06 Stone Mining
18:33 Wheelbarrow
19:22 Bow Saw
30:38 Thumb Ring
31:27 Elite Skirmisher
32:02 Fletching
32:12 Padded Archer Armor
32:20 Scale Barding Armor
32:26 Forging
33:15 Heavy Plow
34:10 Ballistics
33:31 Treadmill Crane
cherripunji
0:27 Loom
11:06 Feudal Age
16:47 Castle Age
15:41 Double-Bit Axe
16:46 Gold Mining
20:33 Squires
wolverine
12:33 Feudal Age
16:03 Castle Age
14:50 Double-Bit Axe
27:04 Wheelbarrow
26:25 Gold Mining
26:17 Horse Collar
26:50 Bow Saw
28:40 Hand Cart
35:19 Imperial Age
33:28 Loom
Special Air (SAS)
10:47 Feudal Age
16:56 Castle Age
18:32 Wheelbarrow
18:09 Double-Bit Axe
18:06 Horse Collar
19:06 Heavy Plow
19:17 Stone Mining
22:15 Hand Cart
23:05 Loom
25:30 Gold Mining
28:34 Bow Saw
29:19 Thumb Ring
31:54 Imperial Age
32:14 Ballistics
31:53 Fletching
32:03 Padded Archer Armor
33:59 Two-Man Saw
34:37 Chemistry
33:39 Bodkin Arrow
33:59 Leather Archer Armor
SpartaninPL
11:20 Feudal Age
11:17 Loom
12:08 Double-Bit Axe
17:22 Castle Age
16:58 Horse Collar
17:15 Stone Mining
18:41 Bow Saw
18:33 Heavy Plow
19:27 Loom
23:39 Arson
23:39 Gambesons
29:01 Wheelbarrow
30:00 Forging
31:34 Squires
31:48 Scale Mail Armor
33:13 Hand Cart
Tas biEn?
12:29 Feudal Age
13:11 Double-Bit Axe
13:09 Horse Collar
17:00 Castle Age
15:51 Stone Mining
17:55 Bow Saw
22:09 Gold Mining
22:34 Crossbowman
23:58 Fletching
27:31 Wheelbarrow
28:15 Heavy Plow
28:44 Padded Archer Armor
29:18 Hand Cart
33:56 Imperial Age
32:12 Leather Archer Armor
31:54 Bodkin Arrow
33:17 Thumb Ring
33:47 Treadmill Crane
34:02 Murder Holes
34:18 Fortified Wall
Connection lost

Rejoining the realm…

Still unreachable

The connection could not be restored.

Session expired

The server has moved on; the page needs a fresh start.